PBL
LONDON MAJORS @ DETROIT RED WINGS
05/15/2045
 
TOP OF THE 1ST
London Majors batting - Pitching for Detroit Red Wings : RHP Ramiro Silva
Pitching: RHP Ramiro Silva
Batting: RHB Stephen Casteel 0-0: Ball
1-0: SINGLE (Groundball, 34D, EV 106.2 MPH)
Batting: RHB Pete Duncan 0-0: Ball
1-0: Ball
2-0: Ball
3-0: Base on Balls
Stephen Casteel to second
Batting: RHB Bill Murray 0-0: Ball
1-0: Called Strike
1-1: Foul Ball, location: 2F
1-2: Foul Ball, location: 2F
1-2: Foul Ball, location: 2F
1-2: Ball
2-2: Fly out, F9 (Line Drive, 9, EV 90.6 MPH)
Batting: RHB Luis Gomez 0-0: Fly out, F6 (Flyball, 6D, EV 90.6 MPH)
Batting: LHB Kurt Estep 0-0: Ball
1-0: Ball
2-0: Ball
3-0: Called Strike
3-1: Swinging Strike
3-2: SINGLE (Groundball, 34S, EV 66.2 MPH) (infield hit)
Stephen Casteel to third
Pete Duncan to second
Batting: RHB John Rios 0-0: SINGLE (Groundball, 4S, EV 60.6 MPH) (infield hit)
Stephen Casteel scores
Pete Duncan to third
Kurt Estep to second
Batting: RHB Shunsuke Shiba Inu 0-0: Ball
1-0: Ball
2-0: Called Strike
2-1: Called Strike
2-2: Strikes out swinging
Top of the 1st over - 1 run, 3 hits, 0 errors, 3 left on base; London 1 - Detroit 0
BOTTOM OF THE 1ST
Detroit Red Wings batting - Pitching for London Majors : RHP Bradley Carriere
Pitching: RHP Bradley Carriere
Batting: LHB Bill Ford 0-0: Ball
1-0: Called Strike
1-1: Swinging Strike
1-2: Foul Ball, location: 2F
1-2: Foul Ball, location: 2F
1-2: Strikes out looking
Batting: RHB Adam MacConnell 0-0: Called Strike
0-1: Ball
1-1: Fly out, F8 (Flyball, 8RD, EV 100.0 MPH)
Batting: RHB Tony Nunez 0-0: Swinging Strike
0-1: Foul Ball, location: 2F
0-2: Ball
1-2: Strikes out swinging
Bottom of the 1st over - 0 runs, 0 hits, 0 errors, 0 left on base; London 1 - Detroit 0
TOP OF THE 2ND
London Majors batting - Pitching for Detroit Red Wings : RHP Ramiro Silva
Batting: RHB Terry Plumley 0-0: Called Strike
0-1: Foul Ball, location: 2F
0-2: Ground out 5-3 (Groundball, 56, EV 88.1 MPH)
Batting: SHB Dominik Hasek II 0-0: DOUBLE (Line Drive, 7LM, EV 108.1 MPH)
Batting: RHB Stephen Casteel 0-0: Called Strike
0-1: Ball
1-1: Reached on error, E8 (Flyball, 8RD, EV 82.5 MPH)
Dominik Hasek II to third
Batting: RHB Pete Duncan 0-0: Ball
Stephen Casteel steals 2nd base
1-0: Called Strike
1-1: Foul Ball, location: 2F
1-2: Strikes out looking
Batting: RHB Bill Murray 0-0: Foul Ball, location: 2F
0-1: Ball
1-1: SINGLE (Flyball, 89S, EV 95.0 MPH)
Dominik Hasek II scores
Stephen Casteel to third
Runner from 3rd tries for Home, SAFE, throw by RF to home
Batting: RHB Luis Gomez 0-0: Called Strike
0-1: Ball
1-1: Ball
2-1: Foul Ball, location: 2F
2-2: Ball
3-2: Foul Ball, location: 2F
3-2: Base on Balls
Bill Murray to second
Batting: LHB Kurt Estep 0-0: Swinging Strike
0-1: Ball
1-1: Ball
2-1: Called Strike
2-2: Fly out, F8 (Flyball, 8LD, EV 100.0 MPH)
Top of the 2nd over - 2 runs, 2 hits, 1 error, 2 left on base; London 3 - Detroit 0
BOTTOM OF THE 2ND
Detroit Red Wings batting - Pitching for London Majors : RHP Bradley Carriere
Batting: LHB Glen Boyle 0-0: Ground out 6-3 (Groundball, 6, EV 81.2 MPH)
Batting: RHB Brandon Everett 0-0: Ball
1-0: Ball
2-0: Ball
3-0: Called Strike
3-1: Foul Ball, location: 2F
3-2: Fly out, F3 (Popup, 3S, EV 67.5 MPH)
Batting: LHB Brad Gaskill 0-0: Swinging Strike
0-1: Ball
1-1: Ball
2-1: Fly out, F4 (Flyball, 4D, EV 90.6 MPH)
Bottom of the 2nd over - 0 runs, 0 hits, 0 errors, 0 left on base; London 3 - Detroit 0
TOP OF THE 3RD
London Majors batting - Pitching for Detroit Red Wings : RHP Ramiro Silva
Batting: RHB John Rios 0-0: Ground out 4-3 (Groundball, 34, EV 106.9 MPH)
Batting: RHB Shunsuke Shiba Inu 0-0: Swinging Strike
0-1: Ball
1-1: Foul Ball, location: 2F
1-2: Ball
2-2: Ball
3-2: DOUBLE (Line Drive, 9LS, EV 101.9 MPH)
Batting: RHB Terry Plumley 0-0: Ball
1-0: Ball
2-0: Called Strike
2-1: TRIPLE (Flyball, 9LD, EV 88.1 MPH)
Shunsuke Shiba Inu scores
Batting: SHB Dominik Hasek II 0-0: Ball
1-0: Called Strike
1-1: Ball
2-1: Ball
3-1: Foul Ball, location: 2F
3-2: Foul Ball, location: 2F
3-2: Strikes out swinging, 2-3 out at first.
Batting: RHB Stephen Casteel 0-0: Ball
1-0: SINGLE (Groundball, 4MD, EV 105.6 MPH)
Terry Plumley scores
Batting: RHB Pete Duncan 0-0: Ball
Stephen Casteel steals 2nd base
1-0: Called Strike
1-1: Foul Ball, location: 2F
1-2: Ball
2-2: Ball
3-2: Strikes out looking
Top of the 3rd over - 2 runs, 3 hits, 0 errors, 1 left on base; London 5 - Detroit 0
BOTTOM OF THE 3RD
Detroit Red Wings batting - Pitching for London Majors : RHP Bradley Carriere
Batting: RHB Willie Ochoa 0-0: TRIPLE (Line Drive, 89XD, EV 100.6 MPH)
Batting: LHB Steve Herrera 0-0: Reached on error, E6 (Groundball, 6, EV 88.1 MPH)
Willie Ochoa scores
Batting: LHB Isao Fukui 0-0: Called Strike
0-1: Ball
1-1: Fly out, F7 (Flyball, 7, EV 88.1 MPH)
Batting: LHB Bill Ford 0-0: Called Strike
0-1: Fielders Choice at 2nd, 4-6 (Groundball, 4, EV 77.5 MPH)
Batting: RHB Adam MacConnell 0-0: Fly out, F9 (Flyball, 9, EV 90.0 MPH)
Bottom of the 3rd over - 1 run, 1 hit, 1 error, 1 left on base; London 5 - Detroit 1
TOP OF THE 4TH
London Majors batting - Pitching for Detroit Red Wings : RHP Ramiro Silva
Batting: RHB Bill Murray 0-0: Called Strike
0-1: SINGLE (Groundball, 4MD, EV 98.1 MPH) (infield hit)
Batting: RHB Luis Gomez 0-0: Called Strike
Bill Murray is caught stealing 2nd base 2-4
0-1: Ball
1-1: Ball
2-1: Called Strike
2-2: Ball
3-2: Base on Balls
Batting: LHB Kurt Estep 0-0: Ball
1-0: Ball
2-0: Ball
3-0: Called Strike
3-1: Ground out 5-3 (Groundball, 56S, EV 69.4 MPH)
Luis Gomez to second
Batting: RHB John Rios 0-0: Ball
1-0: Ball
2-0: Ball
3-0: Called Strike
3-1: Base on Balls
Batting: RHB Shunsuke Shiba Inu 0-0: Called Strike
0-1: 3-RUN HOME RUN (Flyball, 78XD, EV 111.9 MPH), Distance : 450 ft
Pitching: LHP Jayden Carey
Batting: RHB Terry Plumley 0-0: Ball
1-0: Ground out U3 (Groundball, 3, EV 96.9 MPH)
Top of the 4th over - 3 runs, 2 hits, 0 errors, 0 left on base; London 8 - Detroit 1
BOTTOM OF THE 4TH
Detroit Red Wings batting - Pitching for London Majors : RHP Bradley Carriere
Batting: RHB Tony Nunez 0-0: Called Strike
0-1: Ball
1-1: Called Strike
1-2: Foul Ball, location: 2F
1-2: Foul Ball, location: 2F
1-2: Fly out, F9 (Flyball, 9LS, EV 87.5 MPH)
Batting: LHB Glen Boyle 0-0: Called Strike
0-1: Swinging Strike
0-2: Fly out, F8 (Line Drive, 8RM, EV 95.6 MPH)
Batting: RHB Brandon Everett 0-0: Ball
1-0: Swinging Strike
1-1: TRIPLE (Line Drive, 89XD, EV 108.8 MPH)
Batting: LHB Brad Gaskill 0-0: Called Strike
0-1: Ball
1-1: TRIPLE (Flyball, 9LD, EV 108.1 MPH)
Brandon Everett scores
Batting: RHB Willie Ochoa 0-0: Swinging Strike
0-1: Ball
1-1: Ground out 4-3 (Groundball, 4, EV 81.2 MPH)
Bottom of the 4th over - 1 run, 2 hits, 0 errors, 1 left on base; London 8 - Detroit 2
TOP OF THE 5TH
London Majors batting - Pitching for Detroit Red Wings : LHP Jayden Carey
Batting: SHB Dominik Hasek II 0-0: Ball
1-0: Foul Ball, location: 2F
1-1: Ball
2-1: Foul Ball, location: 2F
2-2: Strikes out swinging
Batting: RHB Stephen Casteel 0-0: Called Strike
0-1: Ball
1-1: Foul Ball, location: 2F
1-2: Ball
2-2: SINGLE (Line Drive, 6D, EV 96.2 MPH)
Batting: RHB Pete Duncan 0-0: Ball
1-0: Called Strike
1-1: Swinging Strike
1-2: Foul Ball, location: 2F
1-2: Foul Ball, location: 2F
1-2: Ball
2-2: Ball
Balk!
Stephen Casteel to second
3-2: Foul Ball, location: 2F
3-2: DOUBLE (Line Drive, 3D, EV 96.2 MPH)
Stephen Casteel scores
Batting: RHB Bill Murray 0-0: Ball
1-0: Foul Ball, location: 2F
1-1: Foul Ball, location: 2F
1-2: Ground out 5-3 (Groundball, 56, EV 107.5 MPH)
Batting: RHB Luis Gomez 0-0: Ball
1-0: Ball
2-0: Ball
3-0: Base on Balls
Batting: LHB Kurt Estep 0-0: SINGLE (Line Drive, 4MD, EV 100.0 MPH)
Pete Duncan to third
Luis Gomez to second
Runner from 3rd tries for Home, SAFE, throw by CF to home
Batting: RHB John Rios 0-0: Called Strike
0-1: Called Strike
0-2: Ball
1-2: Ball
2-2: SINGLE (Groundball, 6MD, EV 97.5 MPH)
Luis Gomez to third
Kurt Estep to second
Runner from 3rd tries for Home, SAFE, throw by CF to home
Batting: RHB Shunsuke Shiba Inu 0-0: Ball
1-0: Ball
2-0: SINGLE (Flyball, 56D, EV 91.2 MPH)
Kurt Estep to third
John Rios to second
Runner from 3rd tries for Home, SAFE, throw by LF to home
Batting: RHB Terry Plumley 0-0: Ball
1-0: Foul Ball, location: 2F
1-1: Ball
2-1: Swinging Strike
2-2: Foul Ball, location: 2F
2-2: Strikes out swinging
Top of the 5th over - 4 runs, 5 hits, 0 errors, 2 left on base; London 12 - Detroit 2
BOTTOM OF THE 5TH
Detroit Red Wings batting - Pitching for London Majors : RHP Bradley Carriere
Batting: LHB Steve Herrera 0-0: Called Strike
0-1: Called Strike
0-2: Ball
1-2: Fly out, F9 (Flyball, 89D, EV 101.2 MPH)
Batting: LHB Isao Fukui 0-0: Called Strike
0-1: Ground out 4-3 (Groundball, 4D, EV 103.1 MPH)
Batting: LHB Bill Ford 0-0: Ball
1-0: Ball
2-0: Ball
3-0: Base on Balls
Batting: RHB Adam MacConnell 0-0: Called Strike
0-1: Ball
Bill Ford steals 2nd, throwing error, E2
Bill Ford to third
1-1: Foul Ball, location: 2F
1-2: Ball
2-2: Foul Ball, location: 2F
2-2: Ball
3-2: Ground out 4-3 (Groundball, 4, EV 81.9 MPH)
Bottom of the 5th over - 0 runs, 0 hits, 1 error, 1 left on base; London 12 - Detroit 2
TOP OF THE 6TH
London Majors batting - Pitching for Detroit Red Wings : LHP Jayden Carey
Batting: SHB Dominik Hasek II 0-0: Ball
1-0: Swinging Strike
1-1: Fly out, F5 (Line Drive, 5, EV 70.6 MPH)
Batting: RHB Stephen Casteel 0-0: Called Strike
0-1: Ball
1-1: Ball
2-1: Swinging Strike
2-2: Strikes out looking
Pitching: RHP Mike Valdivia
Batting: RHB Pete Duncan 0-0: Ball
1-0: Ball
2-0: Ball
3-0: Base on Balls
Batting: RHB Bill Murray 0-0: Called Strike
0-1: Ball
1-1: Ball
2-1: Foul Ball, location: 2F
2-2: SINGLE (Groundball, 34D, EV 101.2 MPH)
Pete Duncan to second
Batting: RHB Luis Gomez 0-0: Called Strike
0-1: Called Strike
0-2: Foul Ball, location: 2F
0-2: Ball
1-2: Foul Ball, location: 2F
1-2: Ball
2-2: SINGLE (Groundball, 56D, EV 94.4 MPH)
Pete Duncan to third
Bill Murray to second
Runner from 3rd tries for Home, SAFE, throw by LF to home
Batting: LHB Kurt Estep 0-0: Ball
1-0: Fielders Choice at 2nd, U6 (Groundball, 6M, EV 83.1 MPH)
Top of the 6th over - 1 run, 2 hits, 0 errors, 2 left on base; London 13 - Detroit 2
BOTTOM OF THE 6TH
Detroit Red Wings batting - Pitching for London Majors : RHP Bradley Carriere
Batting: RHB Tony Nunez 0-0: Called Strike
0-1: Swinging Strike
0-2: Foul Ball, location: 2F
0-2: Ground out 2-3 (Groundball, 2R, EV 68.1 MPH)
Batting: LHB Glen Boyle 0-0: SINGLE (Line Drive, 89S, EV 99.4 MPH)
Batting: RHB Brandon Everett 0-0: Ball
1-0: Ball
2-0: Grounds into double play, 6-4-3 (Groundball, 6, EV 86.2 MPH)
Bottom of the 6th over - 0 runs, 1 hit, 0 errors, 0 left on base; London 13 - Detroit 2
TOP OF THE 7TH
London Majors batting - Pitching for Detroit Red Wings : RHP Mike Valdivia
Batting: RHB John Rios 0-0: Called Strike
0-1: Ball
1-1: Swinging Strike
1-2: Strikes out swinging
Batting: RHB Shunsuke Shiba Inu 0-0: Called Strike
0-1: Foul Ball, location: 2F
0-2: Ball
1-2: Foul Ball, location: 2F
1-2: Ball
2-2: Foul Ball, location: 2F
2-2: Fly out, F8 (Flyball, 8LD, EV 100.6 MPH)
Batting: RHB Terry Plumley 0-0: Called Strike
0-1: Ground out 5-3 (Groundball, 5, EV 82.5 MPH)
Top of the 7th over - 0 runs, 0 hits, 0 errors, 0 left on base; London 13 - Detroit 2
BOTTOM OF THE 7TH
Detroit Red Wings batting - Pitching for London Majors : RHP Bradley Carriere
Pinch Hitting: RHB Norm Wood 0-0: Ball
1-0: Foul Ball, location: 2F
1-1: Ball
2-1: Fly out, F8 (Flyball, 8RD, EV 103.1 MPH)
Batting: RHB Willie Ochoa 0-0: Foul Ball, location: 2F
0-1: Swinging Strike
0-2: Ball
1-2: DOUBLE (Line Drive, 7LM, EV 99.4 MPH)
Pinch Hitting: RHB Nate Dabney 0-0: Ground out 4-3 (Groundball, 4MS, EV 85.0 MPH)
Willie Ochoa to third
Batting: LHB Isao Fukui 0-0: Called Strike
0-1: Swinging Strike
0-2: Ball
1-2: Ball
2-2: Reached on error, E3 (Groundball, 34S, EV 88.1 MPH)
Willie Ochoa scores
Pinch Hitting: RHB Juan Perez 0-0: Called Strike
0-1: Foul Ball, location: 2F
0-2: Ball
1-2: Ball
2-2: Ball
3-2: Ground out 6-3 (Groundball, 4M, EV 85.6 MPH)
Bottom of the 7th over - 1 run, 1 hit, 1 error, 1 left on base; London 13 - Detroit 3
TOP OF THE 8TH
London Majors batting - Pitching for Detroit Red Wings : RHP Mike Valdivia
Now at 1B: Tony Nunez
Now at 3B: Adam MacConnell
Now at SS: Norm Wood
Now in LF: Nate Dabney
Now in RF: Jose Evangelista
Batting: SHB Dominik Hasek II 0-0: Called Strike
0-1: DOUBLE (Line Drive, 7LM, EV 100.0 MPH)
Batting: RHB Stephen Casteel 0-0: Foul Ball, location: 2F
0-1: Swinging Strike
0-2: Ball
1-2: Ground out U3 (Groundball, 34, EV 89.4 MPH)
Dominik Hasek II to third
Pinch Hitting: RHB Mark Noftall 0-0: Ball
1-0: Ball
2-0: Called Strike
2-1: Ground out 6-3 (Groundball, 6, EV 81.2 MPH)
Dominik Hasek II scores
Pinch Hitting: RHB Jake Bronner 0-0: Swinging Strike
0-1: Ground out 6-3 (Groundball, 6, EV 85.6 MPH)
Top of the 8th over - 1 run, 1 hit, 0 errors, 0 left on base; London 14 - Detroit 3
BOTTOM OF THE 8TH
Detroit Red Wings batting - Pitching for London Majors : RHP Bradley Carriere
Now at 3B: Chad Colyer
Now in LF: Dominik Hasek II
Now in CF: Jake Bronner
Pinch Hitting: RHB Yankel Pensak 0-0: Foul Ball, location: 2F
0-1: Called Strike
0-2: Ball
1-2: Ground out 5-3 (Groundball, 5, EV 105.6 MPH)
Pinch Hitting: RHB Kevin Steed 0-0: Ball
1-0: Called Strike
1-1: Ball
2-1: Fly out, F9 (Line Drive, 9, EV 93.8 MPH)
Batting: LHB Glen Boyle 0-0: Ball
1-0: Ball
2-0: Foul Ball, location: 2F
2-1: Fly out, F8 (Line Drive, 8RD, EV 104.4 MPH)
Bottom of the 8th over - 0 runs, 0 hits, 0 errors, 0 left on base; London 14 - Detroit 3
TOP OF THE 9TH
London Majors batting - Pitching for Detroit Red Wings : RHP Mike Valdivia
Now at 1B: Kevin Steed
Now at 3B: Chris Wagler
Batting: RHB Luis Gomez 0-0: Ball
1-0: Swinging Strike
1-1: Ball
2-1: Swinging Strike
2-2: Strikes out swinging
Pitching: RHP Leon Benitez
Batting: LHB Kurt Estep 0-0: Ball
1-0: Swinging Strike
1-1: Ground out 6-3 (Groundball, P, EV 83.1 MPH)
Pinch Hitting: RHB Brandon Williams 0-0: Foul Ball, location: 2F
0-1: Called Strike
0-2: Hit by Pitch
Batting: RHB Shunsuke Shiba Inu 0-0: Ball
1-0: Ground out 5-3 (Groundball, 56S, EV 70.6 MPH)
Top of the 9th over - 0 runs, 0 hits, 0 errors, 1 left on base; London 14 - Detroit 3
BOTTOM OF THE 9TH
Detroit Red Wings batting - Pitching for London Majors : RHP Bradley Carriere
Now at C: Brandon Williams
Batting: RHB Brandon Everett 0-0: Called Strike
0-1: Fly out, F9 (Flyball, 9S, EV 78.1 MPH)
Pinch Hitting: LHB George Moran 0-0: Ball
1-0: Ball
2-0: Called Strike
2-1: Foul Ball, location: 2F
2-2: Ball
3-2: Foul Ball, location: 2F
3-2: Foul Ball, location: 2F
3-2: Foul Ball, location: 2F
3-2: Foul Ball, location: 2F
3-2: Foul Ball, location: 2F
3-2: Base on Balls
Pitching: RHP Mitsuaki Okazaki
Pinch Hitting: RHB Ernst Meloche 0-0: Ball
1-0: Called Strike
1-1: Swinging Strike
1-2: Foul Ball, location: 2F
1-2: SINGLE (Groundball, 4S, EV 71.2 MPH) (infield hit)
George Moran to second
Pinch Hitting: SHB Willie Medina 0-0: Foul Ball, location: 2F
0-1: Ball
1-1: SINGLE (Groundball, 4, EV 104.4 MPH)
George Moran to third
Ernst Meloche to second
Pinch Hitting: RHB Tony Soto 0-0: Foul Ball, location: 2F
0-1: Ball
1-1: Ball
2-1: Foul Ball, location: 2F
2-2: Foul Ball, location: 2F
2-2: SINGLE (Groundball, 6MD, EV 104.4 MPH)
George Moran scores
Ernst Meloche to third
Willie Medina to second
Batting: RHB Jose Evangelista 0-0: Ball
1-0: Swinging Strike
1-1: Foul Ball, location: 2F
1-2: Ball
2-2: Strikes out looking
Batting: SHB Chris Wagler 0-0: Called Strike
0-1: SINGLE (Flyball, 6D, EV 83.8 MPH)
Ernst Meloche scores
Willie Medina to third
Tony Soto to second
Batting: RHB Kevin Steed 0-0: SINGLE (Groundball, 4MD, EV 102.5 MPH)
Willie Medina scores
Tony Soto to third
Chris Wagler to second
Batting: LHB Glen Boyle 0-0: Foul Ball, location: 2F
0-1: Ball
1-1: Foul Ball, location: 2F
1-2: SINGLE (Line Drive, 56D, EV 95.0 MPH)
Tony Soto scores
Chris Wagler to third
Kevin Steed to second
Batting: RHB Brandon Everett 0-0: Ball
1-0: Foul Ball, location: 2F
1-1: SINGLE (Flyball, 8RS, EV 96.2 MPH)
Chris Wagler scores
Kevin Steed to third
Glen Boyle to second
Pitching: LHP Bryan Reynolds
Batting: LHB George Moran 0-0: Ball
1-0: Called Strike
1-1: Foul Ball, location: 2F
1-2: Foul Ball, location: 2F
1-2: Ball
2-2: Foul Ball, location: 2F
2-2: Ball
3-2: Ground out U3 (Groundball, 3L, EV 92.5 MPH)
Bottom of the 9th over - 5 runs, 7 hits, 0 errors, 3 left on base; London 14 - Detroit 8
Wednesday, June 22nd , 2022 - OOTP Baseball 23.4 Build 64